 Dungeon Crawl Stone Soup version 0.29.1-12-g30fa7ad0bf (webtiles) character file.

Game seed: 15202400527757714187

1360 Radix the Geomancer (level 8, 0/41 HPs)
             Began as a Gargoyle Earth Elementalist on Dec 20, 2022.
             Slain by a water moccasin (4 damage)
             ... on level 6 of the Dungeon.
             The game lasted 00:37:34 (4833 turns).

Radix the Geomancer (Gargoyle Earth Elementalist)   Turns: 4833, Time: 00:37:37

Health: 0/41       AC:  9    Str: 11    XL:     8   Next: 64%
Magic:  14/16      EV: 11    Int: 25    God:
Gold:   235        SH:  0    Dex:  6    Spells: 14/18 levels left

rFire   . . .      SeeInvis +   t - +4 flail (venom)
rCold   . . .      Faith    .   (no shield)
rNeg    + . .      Spirit   .   v - +1 leather armour "Danuqaad" {rElec rPois Slay+3}
rPois   ∞          Reflect  .   (no helmet)
rElec   +          Harm     .   (no cloak)
rCorr   .          Rampage  .   (no gloves)
Will    ++...                   (no boots)
Stlth   +.........              n - amulet "Wuitwant" {Will++ Regen+ Dex-4 SInv}
HPRegen 0.93/turn               q - +6 ring of intelligence
MPRegen 0.15/turn               (no ring)

@: slowed, very slow
A: sickness immunity, AC +5, negative energy resistance 1, electricity
resistance, torment resistance 1, petrification resistance
a: no special abilities


You were on level 6 of the Dungeon.
You visited 1 branch of the dungeon, and saw 6 of its levels.

You collected 255 gold pieces.
You spent 20 gold pieces at shops.

Inventory:

Hand Weapons
 g - a +1 dagger of venom
 s - a +0 vorpal dire flail
 t - a +4 flail of venom (weapon)
 u - the +3 sling of the Butterfly {flame, Will+ SInv}
   (You found it on level 4 of the Dungeon)

   Any ammunition fired from it burns those it strikes, dealing additional fire
   damage.
   SInv:      It lets you see invisible.
   Will:      It increases your willpower.
Missiles
 i - a throwing net
Armour
 a - a +1 robe
 v - the +1 leather armour "Danuqaad" (worn) {rElec rPois Slay+3}
   (You found it on level 4 of the Dungeon)

   Slay:      It affects your accuracy & damage with ranged weapons and melee
   (+3).
   rElec:     It insulates you from electricity.
   rPois:     It protects you from poison.
Jewellery
 n - the amulet "Wuitwant" (around neck) {Will++ Regen+ Dex-4 SInv}
   (You found it on level 2 of the Dungeon)

   [amulet of regeneration]

   Dex:       It affects your dexterity (-4).
   SInv:      It lets you see invisible.
   Regen:     It increases your rate of health regeneration.
   Will:      It greatly increases your willpower.
 q - a +6 ring of intelligence (left hand)
 x - a ring of fire
Wands
 h - a wand of iceblast (14)
 w - a wand of polymorph (9)
Scrolls
 c - 8 scrolls of identify
 d - 3 scrolls of blinking
 e - 2 scrolls of noise
 f - 2 scrolls of teleportation
 j - 2 scrolls of magic mapping
 k - 3 scrolls of poison
 l - a scroll of enchant armour
 o - a scroll of immolation
Potions
 b - a potion of magic
 m - 2 potions of attraction
 z - a potion of might {unknown}
 A - a potion of resistance {unknown}


   Skills:
 - Level 1.6 Dodging
 - Level 2.3 Stealth
 + Level 5.8 Spellcasting
 + Level 6.0 Conjurations
 - Level 0.9 Transmutations
 + Level 8.0 Earth Magic


You had 14 spell levels left.
You knew the following spells:

 Your Spells              Type           Power      Damage    Failure   Level
a - Sandblast             Erth           94%        2d19      1%          1
b - Stone Arrow           Conj/Erth      84%        3d12      1%          3

Your spell library contained the following spells:

 Spells                   Type           Power      Damage    Failure   Level
 Passwall                 Tmut/Erth      24%        N/A       2%          2
 Shock                    Conj/Air       88%        1d8       3%          1
 Mephitic Cloud           Conj/Pois/Air  17%        N/A       13%         3
 Petrify                  Tmut/Erth      29%        N/A       16%         4
 Ignite Poison            Fire/Tmut/Pois 8%         N/A       26%         3
 Swiftness                Air            7%         N/A       30%         3
 Airstrike                Air            3%         2d(1-17)  69%         4
 Freezing Cloud           Conj/Ice/Air   8%         6-21      77%         5
 Dispersal                Tloc           3%         N/A       100%        6
 Disjunction              Tloc           3%         N/A       100%        8


Dungeon Overview and Level Annotations

Branches:
Dungeon (6/15)
 Temple: D:4-7

Altars:
Makhleb
Uskayaw

Shops:
D:4 ?

Annotations:
D:3 3 runed translucent doors, retardedninja's ghost, amateur HOFi
D:4 3 runed translucent doors, ZoeForever1's ghost, amateur HuGl
D:6 Sigmund


Innate Abilities, Weirdness & Mutations

You are immune to sickness and miasma.
Your stone body is resilient. (AC +5)
You are immune to poison.
You resist negative energy. (rN+)
You are resistant to electric shocks. (rElec)
You are resistant to unholy torment.
You are immune to petrification.


Message History

Aiming: Sandblast (safe; 1% risk of failure)
Press: ? - help, Q - select action, (/) - cycle Shift-Dir - straight line, f - adder
Aim: an adder (75% to hit)
The blast of sand hits the adder.
The adder is moderately wounded.
The water moccasin bites you! The adder closely misses you.
The water moccasin barely misses you. The adder bites you.
The water moccasin barely misses you. The adder bites you but does no damage.
The water moccasin attacks as you move away!
The water moccasin bites you.
Aiming: Sandblast (safe; 1% risk of failure)
Press: ? - help, Q - select action, (/) - cycle Shift-Dir - straight line, f/p - adder
Aim: an adder (moderately wounded, 75% to hit)
The blast of sand hits the adder!!
You kill the adder!
The water moccasin closely misses you. The water moccasin bites you.
The wraith hits you! The wraith drains your vigour!
You feel yourself slow down. The wraith attacks as you move away!
The wraith hits you but does no damage. The water moccasin bites you. x2
The water moccasin attacks as you move away!
The water moccasin barely misses you. The wraith hits you.
* * * LOW HITPOINT WARNING * * *
The water moccasin closely misses you. The wraith hits you but does no damage.
The water moccasin bites you but does no damage.
The wraith attacks as you move away! The wraith closely misses you.
The water moccasin barely misses you. The wraith hits you.
* * * LOW HITPOINT WARNING * * *
The wraith drains your vigour!
You feel as though you will be slow longer.
Okay, then.
The water moccasin closely misses you.
The water moccasin bites you but does no damage.
The water moccasin barely misses you. The wraith barely misses you.
There is a stone staircase leading up here.
The water moccasin bites you.
* * * LOW HITPOINT WARNING * * *
The water moccasin bites you.
You die...

..............###
.......).........
.......†..##..##.
..#...#........#.
..#[#....#......
...#.......###..
...........# #.. .
.#...#...S.#.#....
..#[#....W@.......
...#....##.#.##...
..............
#...#.......###
.#.#........#
..#..........
............#.
.#.......#..


You could see a wraith and a water moccasin.

Vanquished Creatures
  Menkaure (D:5)
  Edmund (D:4)
  A water moccasin (D:5)
  A black bear (D:5)
  2 phantoms (D:4)
  Blork the orc (D:4)
  5 scorpions
  A hound (D:5)
  2 iguanas
  Natasha (thrice) (D:4)
  2 orc wizards (D:6)
  6 adders
  4 white imps
  An ufetubus (D:5)
  3 dart slugs
  4 orcs
  5 ball pythons
  2 bats
  7 endoplasms
  3 giant cockroaches
  12 goblins
  6 hobgoblins
  9 jackals
  9 kobolds
  4 quokkas
  2 frilled lizards
  6 rats
103 creatures vanquished.

Vanquished Creatures (others)
  An orc wizard (D:5)
  6 fungi (D:5)
  9 plants (D:2)
16 creatures vanquished.

Grand Total: 119 creatures vanquished

Notes
Turn   | Place    | Note
-------+----------+-------------------------------------------
     0 | D:1      | Radix the Gargoyle Earth Elementalist began the quest for
                  | the Orb.
     0 | D:1      | Reached XP level 1. HP: 10/10 MP: 3/3
   320 | D:1      | Reached XP level 2. HP: 15/15 MP: 1/5
   374 | D:1      | Reached skill level 4 in Earth Magic
   385 | D:1      | Found a faded altar of an unknown god.
   660 | D:1      | Reached XP level 3. HP: 19/19 MP: 4/6
   664 | D:1      | Learned a level 3 spell: Stone Arrow
  1284 | D:2      | Reached skill level 1 in Conjurations
  1284 | D:2      | Reached XP level 4. HP: 24/24 MP: 6/8
  1697 | D:2      | Identified the amulet "Wuitwant" {Will++ Regen+ Dex-4 SInv}
  2356 | D:3      | Reached XP level 5. HP: 28/28 MP: 2/9
  2491 | D:3      | Reached skill level 5 in Earth Magic
  2515 | D:3      | Found a runed translucent gate.
  2515 | D:3      | Found a runed translucent gate.
  2520 | D:3      | Found a runed translucent gate.
  2520 | D:3      | Noticed retardedninja's ghost (amateur HOFi)
  2522 | D:3      | Identified the +8 dagger of Karma {vamp, Str+2}
  2522 | D:3      | Identified the +3 ring mail of Wrong Decisions {rElec Str+3
                  | Dex+2}
  3003 | D:4      | Noticed a phantom
  3007 | D:4      | Killed a phantom
  3140 | D:4      | Noticed Natasha
  3144 | D:4      | Killed Natasha
  3145 | D:4      | Reached XP level 6. HP: 32/32 MP: 8/11
  3151 | D:4      | Found a runed translucent gate.
  3151 | D:4      | Found a runed translucent gate.
  3151 | D:4      | Found a runed translucent gate.
  3192 | D:4      | Noticed Edmund
  3224 | D:4      | Killed Edmund
  3388 | D:4      | Reached skill level 6 in Earth Magic
  3432 | D:4      | Noticed Blork the orc
  3441 | D:4      | Killed Blork the orc
  3442 | D:4      | Reached XP level 7. HP: 24/36 MP: 1/13
  3570 | D:4      | Identified the +1 leather armour "Danuqaad" {rElec rPois
                  | Slay+3}
  3572 | D:4      | Identified the +3 sling of the Butterfly {flame, Will+
                  | SInv}
  3652 | D:4      | Noticed Natasha
  3658 | D:4      | Killed Natasha
  3677 | D:4      | Found Liluso's Magic Scroll Boutique.
  3680 | D:4      | Noticed Natasha
  3685 | D:4      | Killed Natasha
  3689 | D:4      | Bought a scroll of identify for 20 gold pieces
  3828 | D:4      | Noticed ZoeForever1's ghost (amateur HuGl)
  3880 | D:5      | Entered Level 5 of the Dungeon
  4192 | D:5      | Noticed Menkaure
  4196 | D:5      | Killed Menkaure
  4197 | D:5      | Reached skill level 5 in Spellcasting
  4197 | D:5      | Reached skill level 5 in Conjurations
  4197 | D:5      | Reached skill level 7 in Earth Magic
  4197 | D:5      | Reached XP level 8. HP: 40/41 MP: 10/15
  4266 | D:5      | Found a burning altar of Makhleb.
  4543 | D:5      | Found a hide-covered altar of Uskayaw.
  4641 | D:6      | Noticed a wraith
  4720 | D:6      | Noticed Sigmund
  4809 | D:6      | Reached skill level 8 in Earth Magic
  4833 | D:6      | Slain by a water moccasin

Illustrated notes

Levels and vault maps discovered:
D:1:      matt_arrival_refuge, layout_basic,
          hellmonk_ecumenical_altar_dog_temple
D:2:      layout_loops_ring, serial_forest, infiniplex_forest_zigzag_1,
          infiniplex_forest_split, infiniplex_forest_zigzag_1,
          infiniplex_forest_diagonal, infiniplex_forest_clump_cross,
          infiniplex_forest_clump_cross, infiniplex_forest_clump_tiny
D:3:      layout_basic, biasface_ghost_orc_armoury, minmay_misc_feat_enclosed
D:4:      layout_basic, serial_shops, shop_fountains, ebering_ghost_rock_garden,
          minmay_misc_feat_doors, uniq_edmund, uniq_blork_the_orc, uniq_natasha
D:5:      layout_rooms, kennysheep_little_box, lemuel_round_altar,
          serial_aquarium, aquarium_bridge_square [aquarium_subvault_bridge,
          aquarium_subvault_bridge, aquarium_subvault_wall,
          aquarium_subvault_bridge], aquarium_window_fake, aquarium_window_2,
          aquarium_view_2b, aquarium_view_2d, aquarium_balcony_double_3,
          minmay_fractal_squares_5, uniq_menkaure
D:6:      cheibrodos_fzero, layout_cave_pools, palyth_temple_overflow_mages,
          mainiacjoe_overflow_catwalk, serial_bayou_crossing, uniq_sigmund

Skill      XL: |  1  2  3  4  5  6  7  8 |
---------------+-------------------------+-----
Earth Magic    | 4 5 6 7 8 |  8.0
Conjurations   | 1 2 3 5 6 |  6.0
Spellcasting   | 3 4 5 |  5.8
Dodging        | |  1.6
Stealth        | |  2.3
Transmutations | |  0.9

Action                   |  1- 3 |  4- 6 |  7- 9 || total
-------------------------+-------+-------+-------++-------
Melee: Short sword       |    17 |       |       ||    17
       Dagger            |    14 |     7 |       ||    21
       Punch             |     1 |       |       ||     1
       Dire flail        |       |     7 |       ||     7
       Flail             |       |       |     9 ||     9
 Cast: Sandblast         |    42 |    61 |    50 ||   153
       Stone Arrow       |       |     5 |       ||     5
  Use: Scroll            |       |       |    12 ||    12
       Potion            |       |       |     1 ||     1
Armor: Robe              |    20 |    13 |       ||    33
       Leather armour    |       |       |    37 ||    37
Dodge: Dodged            |    27 |    24 |    54 ||   105
